 Dungeon Crawl Stone Soup version 0.31-a0-1581-g41d5ff3e7b (webtiles) character file.

Game seed: 14394453213188770316

300802 GordonOverkill the Skinwalker (level 20, -4/152 HPs)
             Began as a Spriggan Delver on Jan 5, 2024.
             Was a High Priest of Okawaru.
             Slain by Frederick
             ... wielding a +2 demon trident of freezing
              (30 damage)
             ... on level 3 of the Vaults.
             The game lasted 01:46:52 (43748 turns).

GordonOverkill the Skinwalker (Spriggan Delver)    Turns: 43748, Time: 01:46:53

Health: -4/152     AC: 36    Str: 10    XL:     20   Next: 18%
Magic:  28/30      EV: 39    Int: 19    God:    Okawaru [*****.]
Gold:   472        SH:  0    Dex: 24    Spells: 19/19 levels left

rFire   . . .        b - +2 arbalest (freeze)
rCold   + + .        (shield currently unavailable)
rNeg    + . .        x - melded +0 swamp dragon scales
rPois   ∞            (helmet restricted)
rElec   +            v - +2 cloak
rCorr   .            (gloves unavailable)
SInv    +            (boots unavailable)
Will    +++..        M - amulet of faith
Stlth   +++++++      H - ring of Zeacor {rElec rC++ Str+2 Int+6 Stlth+}
HPRegen 0.45/turn    s - +4 ring of slaying
MPRegen 0.22/turn

%: faith
@: statue-form, heroic, finesse-ful, very slow
A: slow and powerful, torment resistance 1, boosted hp, very small, no large
weapons, unfitting armour, see invisible, (speed 3)
}: 2/15 runes: decaying, serpentine
a: Begin Untransformation, Renounce Religion, Heroism, Finesse, Duel


You were on level 3 of the Vaults.
You worshipped Okawaru.
Okawaru was extremely pleased with you.
You were a living statue of rough stone.
You visited 7 branches of the dungeon, and saw 34 of its levels.
You also visited: Ice Cave and Volcano.

You collected 3078 gold pieces.
You spent 2606 gold pieces at shops.

Inventory:

Hand Weapons
 b - a +2 arbalest of freezing (weapon)
 k - a +3 rapier of venom
Missiles
 r - a throwing net
 B - 6 curare-tipped darts
Armour
 v - a +2 cloak (worn)
 x - +0 swamp dragon scales (melded)
 y - +5 steam dragon scales
Jewellery
 s - a +4 ring of slaying (right fist)
 w - a ring of resist corrosion
 H - the ring of Zeacor (left fist) {rElec rC++ Str+2 Int+6 Stlth+}
   (You found it on level 8 of the Dungeon)

   [ring of intelligence]

   Str+2:     It affects your strength (+2).
   Int+6:     It affects your intelligence (+6).
   rC++:      It greatly protects you from cold.
   rElec:     It insulates you from electricity.
   Stlth+:    It makes you more stealthy.
 I - an amulet of guardian spirit
 J - a ring of willpower
 M - an amulet of faith (around neck)
 Y - the ring "Mewanawyp" {rF+ Dex+2}
   (You found it on level 2 of the Swamp)

   [ring of protection from fire]

   Dex+2:     It affects your dexterity (+2).
   rF+:       It protects you from fire.
Talismans
 D - a granite talisman (active)
Wands
 g - a wand of digging (12)
 i - a wand of paralysis (6)
 l - a wand of roots (54)
 E - a wand of flame (64)
 O - a wand of mindburst (15)
 P - a wand of quicksilver (23)
 W - a wand of polymorph (7)
Scrolls
 c - 5 scrolls of fog
 d - 5 scrolls of revelation
 h - 15 scrolls of identify
 n - 12 scrolls of teleportation
 u - 5 scrolls of immolation
 C - 3 scrolls of fear
 F - 3 scrolls of amnesia
 Q - 5 scrolls of vulnerability
 S - 3 scrolls of enchant armour
 U - 3 scrolls of blinking
Potions
 a - 4 potions of heal wounds
 f - a potion of haste
 j - 5 potions of might
 m - 5 potions of ambrosia
 o - 3 potions of invisibility
 p - 10 potions of enlightenment
 q - a potion of mutation
 t - 4 potions of brilliance
 z - 3 potions of cancellation
 A - 2 potions of magic
 G - 17 potions of curing
 L - 7 potions of lignification
 N - a potion of berserk rage
 R - 3 potions of resistance
 V - 2 potions of attraction


   Skills:
 + Level 17.4(22.4) Fighting
 - Level 2.1(7.1) Short Blades
 - Level 18.0(23.0) Ranged Weapons
 - Level 5.0(10.0) Armour
 - Level 15.0(20.0) Dodging
 - Level 7.2(12.2) Stealth
 - Level 12.0 Invocations
 - Level 3.0 Evocations
 - Level 21.0 Shapeshifting


You had 19 spell levels left.
You didn't know any spells.
Your spell library contained the following spells:

 Spells                   Type           Power      Damage    Failure   Level
 Kiss of Death            Conj/Necr      0%         2d5       21%         1
 Searing Ray              Conj           0%         2d4       30%         2
 Confusing Touch          Hex            0%         N/A       52%         3
 Fugue of the Fallen      Necr           0%         N/A       52%         3
 Sigil of Binding         Hex            0%         N/A       52%         3
 Volatile Blastmotes      Fire/Tloc      0%         2d10      52%         3
 Cause Fear               Hex            0%         N/A       90%         4
 Dimensional Bullseye     Hex/Tloc       0%         N/A       90%         4
 Dispel Undead            Necr           0%         3d6       90%         4
 Fulminant Prism          Conj/Alch      0%         3d5       90%         4
 Iskenderun's Mystic Bla  Conj/Tloc      0%         2d3       90%         4
 Leda's Liquefaction      Alch/Erth      0%         N/A       90%         4
 Passage of Golubria      Tloc           0%         N/A       90%         4
 Arcjolt                  Conj/Air       0%         1d10      99%         5
 Curse of Agony           Necr           0%         N/A       99%         5
 Fireball                 Conj/Fire      0%         3d3       99%         5
 Lee's Rapid Deconstruct  Erth           0%         3d4*      99%         5
 Metabolic Englaciation   Hex/Ice        0%         N/A       99%         5
 Silence                  Hex/Air        0%         N/A       99%         5
 Bombard                  Conj/Erth      0%         9d1       100%        6
 Eringya's Noxious Bog    Alch           0%         4d6       100%        6
 Lehudib's Crystal Spear  Conj/Erth      0%         10d2      100%        8
 Sublimation of Blood     Necr           Unusable   N/A       N/A         2
 Call Canine Familiar     Summ           Unusable   N/A       N/A         3
 Animate Dead             Necr           Unusable   N/A       N/A         4
 Summon Forest            Summ/Tloc      Unusable   N/A       N/A         5
 Death Channel            Necr           Unusable   N/A       N/A         6
 Sculpt Simulacrum        Ice/Alch       Unusable   N/A       N/A         6
 Summon Hydra             Summ           Unusable   N/A       N/A         7
 Infestation              Necr           Unusable   N/A       N/A         8
 Dragon's Call            Summ           Unusable   N/A       N/A         9

Dungeon Overview and Level Annotations

Branches:
Dungeon (15/15)            Temple (1/1) D:5            Lair (5/5) D:8
  Swamp (4/4) Lair:3        Snake (4/4) Lair:3        Slime (0/5) Lair:5
    Orc (2/2) D:11            Elf (0/3) Orc:2        Vaults (3/5) D:14
  Crypt (0/3) Vaults:3     Depths (0/4) D:15          IceCv (visited)
Volcano (visited)

Altars:
Ashenzari
Cheibriados
Dithmenos
Elyvilon
Fedhas
Gozag
Hepliaklqana
Kikubaaqudgha
Makhleb
Nemelex Xobeh
Okawaru
Qazlal
Ru
Sif Muna
Trog
Uskayaw
Vehumet
Wu Jian
Xom
Yredelemnul
Zin
The Shining One

Shops:
D:6 (*!(   D:7 =   Orc:1 =   Orc:2 ([=?   Snake:4 *?:[*   Vaults:1 [
Vaults:3 [

Annotations:
Lair:5 exclusion: obsidian statue
Snake:1 2 transporters, Enothyex's ghost, adept OpSh
Vaults:3 Frederick


Innate Abilities, Weirdness & Mutations

You are a living statue of rough stone.
Your actions are slow, but your melee attacks are powerful.
You are resistant to unholy torment.
Your maximum health is greatly increased.
Your equipment is partially melded.
You are very small and have problems with some larger weapons.
You are too small for most types of armour.
You are immune to poison.
You have supernaturally acute eyesight. (SInv)
((You cover ground extremely quickly. (Speed+++)))


Message History

Fire: b) +2 arbalest (freeze)
Press: ? - help, Q - select action, (/) - cycle Shift-Dir - straight line, f/p - Frederick
Aim: Frederick, wielding a +2 demon trident of freezing, wearing a +0 plate armour and wearing the orb of the Hall of Blades {*channel, Dex+3} (severely wounded, 74% to hit)
You shoot a bolt. The bolt barely misses Frederick.
Frederick casts a spell.
The bolt of lightning misses you. The fiery plasma misses you.
Fire: b) +2 arbalest (freeze)
Press: ? - help, Q - select action, (/) - cycle Shift-Dir - straight line, f/p - Frederick
Aim: Frederick, wielding a +2 demon trident of freezing, wearing a +0 plate armour and wearing the orb of the Hall of Blades {*channel, Dex+3} (severely wounded, 74% to hit)
You shoot a bolt. The bolt hits Frederick!
The bolt freezes Frederick.
Frederick is almost dead.
Frederick closely misses you.
Fire: b) +2 arbalest (freeze)
Press: ? - help, Q - select action, (/) - cycle Shift-Dir - straight line, f/p - Frederick
Aim: Frederick, wielding a +2 demon trident of freezing, wearing a +0 plate armour and wearing the orb of the Hall of Blades {*channel, Dex+3} (almost dead, 74% to hit)
You shoot a bolt. The bolt hits Frederick.
The bolt freezes Frederick.
Frederick is almost dead.
Frederick hits you but does no damage.
Fire: b) +2 arbalest (freeze)
Press: ? - help, Q - select action, (/) - cycle Shift-Dir - straight line, f/p - Frederick
Aim: Frederick, wielding a +2 demon trident of freezing, wearing a +0 plate armour and wearing the orb of the Hall of Blades {*channel, Dex+3} (almost dead, 74% to hit)
You shoot a bolt. The bolt hits Frederick!
The bolt freezes Frederick.
Frederick is almost dead.
Fire: b) +2 arbalest (freeze)
Press: ? - help, Q - select action, (/) - cycle Shift-Dir - straight line, f/p - Frederick
Aim: Frederick, wielding a +2 demon trident of freezing, wearing a +0 plate armour and wearing the orb of the Hall of Blades {*channel, Dex+3} (almost dead, 74% to hit)
You shoot a bolt. The bolt hits Frederick.
The bolt freezes Frederick.
Frederick is almost dead.
Frederick yawns in an exaggerated manner.
Frederick mumbles some strange words.
The bolt of lightning hits you. You resist.
* * * LOW HITPOINT WARNING * * *
The fiery plasma hits you!!
* * * LOW HITPOINT WARNING * * *
You feel much better.
Frederick hits you with a +2 demon trident of freezing!
* * * LOW HITPOINT WARNING * * *
Frederick hits you with a +2 demon trident of freezing!!
You die...
Frederick sighs, "Killing weak Spriggans does nothing to prove my superiority."

#....
#[#.....##.....# #..
#..O
#(##..⌠....⌠..## #..
#.. #).##...[....##
### #+
#...##..##..## ..
#...##..##..## ..
#@.##........## ..
#.##..⌠....⌠..## ..
#T#.....##.....# ..
#.#8...####....# ..
#.@T..##..##...# ..
#...###....##### ###
#............... #.(
########'#########..
...................
...................
###################


You could see Frederick and a deep troll.

Vanquished Creatures
  Vashnia (Snake:3)
  Mlioglotl (Snake:1)
  A thorn hunter (Swamp:1)
  Aizul (Snake:2)
  7 nagarajas
  Roxanne (D:14)
  Donald (Snake:2)
  3 vault wardens
  An orc warlord (Vaults:1)
  3 ghouls (Swamp:2)
  3 formless jellyfish
  11 ironbound preservers
  3 ironbound thunderhulks
  A stone giant (D:15)
  4 eleionomae
  2 war gargoyles
  3 dire elephants
  The ghost of Fuocunneg the Severer, a journeyman HOFi of Okawaru (Swamp:1)
  5 bunyips
  An ettin (Orc:2)
  A fire dragon (Volcano)
  4 yaktaur captains
  2 great orbs of eyes
  An entropy weaver (Vaults:1)
  4 salamander tyrants
  The ghost of YordlordTheGreat the Summoner, a journeyman MfSu of Sif Muna (D:11)
  2 shambling mangroves (Swamp:4)
  An ice dragon (D:13)
  2 peacekeepers
  7 anacondas
  22 hydras
  10 vault guards
  6 ironbound frosthearts
  An ogre mage (D:15)
  3 alligators
  A death knight (D:13)
  6 centaur warriors
  6 boulder beetles
  7 two-headed ogres
  18 naga warriors
  A vampire mage (Vaults:3)
  A spectral dire elephant (Lair:5)
  A spriggan berserker (Swamp:2)
  6 shock serpents
  3 orc high priests
  17 naga sharpshooters
  A deep elf knight (Swamp:2)
  3 skysharks
  4 salamander mystics
  28 deep trolls
  A spectral anaconda (Lair:5)
  A spriggan druid (Arena)
  4 goliath frogs
  11 mana vipers
  13 swamp dragons
  5 bog bodies
  4 phantasmal warriors (D:13)
  3 arcanists
  8 naga ritualists
  Pikel (D:7)
  13 orc knights
  4 necromancers
  6 ironbound convokers
  2 deep elf pyromancers (D:13)
  5 lindwurms
  Maurice (D:7)
  4 will-o-the-wisps
  2 orc sorcerers (Orc:2)
  An oklob plant (Lair:5)
  9 ugly things
  7 cyclopes
  13 salamanders
  37 black mambas
  A meliai (shapeshifter) (D:13)
  3 meliai (D:14)
  19 elephants
  2 kobold blastminers (Orc:1)
  3 guardian serpents
  4 vault sentinels
  A molten gargoyle (Volcano)
  An ice statue (IceCv)
  20 naga magi
  A gargoyle (Volcano)
  2 efreet (D:15)
  10 cane toads
  21 yaktaurs
  11 ice devils (IceCv)
  2 kobold demonologists
  Jeremiah (D:6)
  3 rime drakes
  2 freezing wraiths
  11 komodo dragons
  Psyche (D:10)
  2 anaconda simulacra (IceCv)
  3 burning bushes (Lair:3)
  3 polar bears
  A bloated husk (Swamp:1)
  9 trolls
  3 red devils (Orc:2)
  7 tyrant leeches
  9 hornets
  A spectral elephant (Lair:5)
  Prince Ribbit (D:9)
  6 saltlings (Orc:2)
  10 blink frogs
  A raiju (shapeshifter) (D:14)
  23 slime creatures
  4 water elementals (D:15)
  4 dire elephant simulacra
  4 vampires
  5 spriggans
  A fire elemental (D:10)
  11 fire bats
  5 wyverns
  5 basilisks
  4 wraiths
  58 yaks
  A basilisk (shapeshifter) (D:12)
  6 humans (D:10)
  7 wargs
  4 steam dragons
  11 vampire mosquitoes
  6 death yak simulacra
  3 spectral cane toads (Lair:5)
  Menkaure (D:7)
  2 harpy simulacra (IceCv)
  11 swamp worms
  38 nagas
  2 acid dragons
  10 water moccasins
  4 hydra simulacra (IceCv)
  Duvessa (D:6)
  2 hell hounds
  4 sky beasts
  26 orc warriors
  9 swamp drakes
  2 ice beasts
  2 laughing skulls (D:14)
  29 wolves
  10 centaurs
  14 ogres
  A boggart (Vaults:1)
  2 elephant skeletons (Lair:5)
  7 kobold brigands
  A phantom (D:6)
  3 gnoll sergeants
  3 cane toad simulacra
  15 bullfrogs
  2 scorpions
  4 necrophages (D:6)
  9 wights (D:8)
  Dowan (D:6)
  3 killer bees (D:9)
  7 elephant simulacra
  8 electric eels
  3 bombardier beetles
  8 howler monkeys
  6 lava snakes
  7 hounds
  2 gnoll boudas
  8 jellies
  15 orc priests
  7 iguanas
  14 orc wizards
  A troll simulacrum (IceCv)
  4 polar bear simulacra (IceCv)
  A killer bee zombie (D:6)
  4 wolf simulacra (IceCv)
  2 howler monkey zombies (D:6)
  26 gnolls
  8 adders
  2 naga simulacra (IceCv)
  3 white imps
  5 ufetubi
  5 dart slugs
  A ribbon worm (D:3)
  71 orcs
  8 endoplasms
  5 giant cockroaches
  8 goblins
  10 hobgoblins
  5 jackals
  26 kobolds
  3 quokkas
  6 ball pythons
  4 bats
  3 frilled lizards
  6 rats
1236 creatures vanquished.

Vanquished Creatures (others)
  A polar bear (D:13)
  An orc wizard (D:5)
  12 foxfires
14 creatures vanquished.

Grand Total: 1250 creatures vanquished

Notes
Turn   | Place    | Note
-------+----------+-------------------------------------------
     0 | D:5      | GordonOverkill the Spriggan Delver began the quest for the
                  | Orb.
     0 | D:5      | Reached XP level 1. HP: 11/11 MP: 2/2
     5 | D:6      | Noticed a gnoll bouda
     5 | D:6      | Noticed Duvessa
     5 | D:6      | Noticed Dowan
     5 | D:6      | Noticed a phantom
     5 | D:6      | Noticed a bombardier beetle
    22 | D:5      | Noticed a jelly
    60 | D:6      | Found Deurr's Distillery.
    61 | D:6      | Noticed Jeremiah
   102 | D:5      | Killed a jelly
   103 | D:5      | Reached skill level 1 in Ranged Weapons
   103 | D:5      | Reached XP level 2. HP: 16/16 MP: 3/3
   136 | D:5      | Reached XP level 3. HP: 19/19 MP: 4/4
   206 | D:5      | Found a staircase to the Ecumenical Temple.
   219 | D:5      | Reached XP level 4. HP: 23/23 MP: 5/5
   352 | Temple   | Entered the Ecumenical Temple
   356 | Temple   | Became a worshipper of Warmaster Okawaru
   489 | D:5      | Reached XP level 5. HP: 27/27 MP: 6/6
  1103 | D:4      | Reached skill level 5 in Ranged Weapons
  1198 | D:4      | Reached XP level 6. HP: 20/32 MP: 7/7
  1291 | D:4      | Reached * piety under Okawaru
  1347 | D:4      | Found a bloodstained altar of Trog.
  1681 | D:4      | Found a burning altar of Makhleb.
  2428 | D:3      | Reached XP level 7. HP: 35/35 MP: 8/8
  3194 | D:2      | Found a faded altar of an unknown god.
  4294 | D:1      | Got the Treatise on Wild Iniquitous Words
  5050 | D:6      | Reached skill level 1 in Invocations
  5061 | D:6      | Bought a potion of curing for 45 gold pieces
  5072 | D:6      | Killed Jeremiah
  5073 | D:6      | Reached XP level 8. HP: 42/42 MP: 7/11
  5105 | D:6      | Found Qaeraor's General Store.
  5109 | D:6      | Found Itoff's Antique Weapon Shop.
  5113 | D:6      | Bought a scroll of fear for 56 gold pieces
  5165 | D:6      | Killed Dowan
  5230 | D:6      | Reached ** piety under Okawaru
  5351 | D:6      | Identified the +0 ring mail "Nedit" {Will++}
  5420 | D:6      | Found a blossoming altar of Fedhas.
  5486 | D:6      | Killed Duvessa
  5589 | D:6      | Found Butul's Weapon Emporium.
  5681 | D:6      | Reached skill level 10 in Ranged Weapons
  5755 | D:6      | Bought an orcbow for 108 gold pieces
  5976 | D:7      | Reached XP level 9. HP: 45/45 MP: 12/12
  6005 | D:7      | Reached *** piety under Okawaru
  6344 | D:7      | Found Vucvuxt's Jewellery Emporium.
  6544 | D:7      | Found a hide-covered altar of Uskayaw.
  6604 | D:7      | Noticed Pikel
  6636 | D:7      | Killed Pikel
  6707 | D:7      | Noticed Maurice
  6764 | D:7      | Noticed Menkaure
  6768 | D:7      | Killed Menkaure
  7056 | D:7      | Killed Maurice
  7056 | D:7      | Reached **** piety under Okawaru
  7360 | D:7      | Found Vucvuxt's Jewellery Emporium.
  7423 | D:7      | Found a hide-covered altar of Uskayaw.
  7642 | D:8      | Noticed an elephant
  7648 | D:8      | Noticed an elephant
  7721 | D:8      | Killed an elephant
  7722 | D:8      | Reached XP level 10. HP: 48/49 MP: 13/13
  7829 | D:8      | Killed an elephant
  7960 | D:8      | Found an ornate altar of the Wu Jian Council.
  7969 | D:8      | Found a sacrificial altar of Ru.
  8122 | D:8      | Found a staircase to the Lair.
  8324 | D:8      | Reached skill level 5 in Dodging
  8481 | D:8      | Identified the ring of Zeacor {rElec rC++ Str+2 Int+6
                  | Stlth+}
  8770 | D:8      | Found a basalt altar of Yredelemnul.
  8770 | D:8      | Found a broken altar of Ashenzari.
  8770 | D:8      | Found a hazy altar of Hepliaklqana.
  8770 | D:8      | Found a sacrificial altar of Ru.
  8770 | D:8      | Found an opulent altar of Gozag.
  8770 | D:8      | Found an ancient bone altar of Kikubaaqudgha.
  8962 | D:9      | Reached skill level 5 in Invocations
  9050 | D:9      | Noticed Prince Ribbit
  9073 | D:9      | Killed Prince Ribbit
  9073 | D:9      | Reached ***** piety under Okawaru
  9966 | D:10     | Entered Level 10 of the Dungeon
 10086 | D:10     | Noticed Psyche
 10101 | D:10     | Reached XP level 11. HP: 53/53 MP: 16/16
 10138 | D:10     | Received a gift from Okawaru
 10156 | D:10     | Killed Psyche
 10406 | D:10     | Reached skill level 15 in Ranged Weapons
 10411 | D:10     | Received a gift from Okawaru
 11333 | D:11     | Found a staircase to the Orcish Mines.
 11522 | D:11     | Found a large runed translucent door.
 11522 | D:11     | Found a large runed translucent door.
 11524 | D:11     | Noticed YordlordTheGreat's ghost (journeyman MfSu)
 11625 | D:11     | Reached skill level 5 in Fighting
 11721 | D:11     | Found a hazy altar of Hepliaklqana.
 12001 | D:11     | Killed YordlordTheGreat's ghost
 12120 | D:12     | Reached XP level 12. HP: 61/61 MP: 18/18
 13033 | D:12     | Received a gift from Okawaru
 13250 | Lair:1   | Entered Level 1 of the Lair of Beasts
 14172 | Lair:2   | Received a gift from Okawaru
 14227 | Lair:2   | Reached skill level 10 in Invocations
 14901 | Lair:3   | Noticed a boulder beetle
 14925 | Lair:3   | Killed a boulder beetle
 14948 | Lair:3   | Found a staircase to the Swamp.
 14948 | Lair:3   | Noticed an eleionoma
 14962 | Lair:3   | Killed an eleionoma
 14962 | Lair:3   | Received a gift from Okawaru
 14963 | Lair:3   | Reached XP level 13. HP: 38/70 MP: 13/21
 15368 | Lair:3   | Found a staircase to the Snake Pit.
 15506 | Lair:3   | Reached skill level 10 in Fighting
 15980 | Lair:3   | Reached XP level 14. HP: 79/79 MP: 22/22
 15985 | Lair:3   | Reached XP level 15. HP: 85/85 MP: 23/23
 16172 | Lair:4   | Found a dark tunnel.
 16182 | Lair:4   | Reached skill level 1 in Armour
 16212 | Volcano  | Entered a volcano
 16358 | Volcano  | Found a radiant altar of Vehumet.
 16384 | Volcano  | Received a gift from Okawaru
 16774 | Lair:4   | Found a hide-covered altar of Uskayaw.
 16776 | Lair:4   | Identified the +4 pair of boots of the Blessed Realm
                  | {Regen+ Str+3}
 16778 | Lair:4   | Found an ornate altar of the Wu Jian Council.
 17079 | Lair:4   | Reached skill level 5 in Armour
 17546 | Lair:5   | Entered Level 5 of the Lair of Beasts
 17854 | Lair:5   | Found a staircase to the Slime Pits.
 18158 | Lair:5   | Reached skill level 10 in Dodging
 19449 | Lair:5   | Reached XP level 16. HP: 41/88 MP: 25/25
 20104 | Lair:5   | Received a gift from Okawaru
 20149 | Lair:5   | Identified the +0 sling of Gajiaci {drain, Int+6 Dex+3}
 20779 | Orc:1    | Entered Level 1 of the Orcish Mines
 20888 | Orc:2    | Entered Level 2 of the Orcish Mines
 21739 | Orc:2    | Found a staircase to the Elven Halls.
 22537 | Orc:2    | Found Rifed's Magic Scroll Boutique.
 22800 | Orc:1    | Found Ephezuta's Jewellery Shop.
 22814 | Orc:1    | Bought a +4 ring of slaying for 858 gold pieces
 23919 | Orc:2    | Found Rurygej's Armour Shoppe.
 23921 | Orc:2    | Found Bigapp's Jewellery Shoppe.
 23945 | Orc:2    | Found Pilyuw's Antique Weapon Shoppe.
 24078 | Orc:2    | Bought a scroll of brand weapon for 104 gold pieces
 24078 | Orc:2    | Bought a scroll of revelation for 82 gold pieces
 24078 | Orc:2    | Bought a scroll of teleportation for 33 gold pieces
 24078 | Orc:2    | Bought a scroll of teleportation for 33 gold pieces
 24261 | D:6      | Bought a potion of ambrosia for 120 gold pieces
 24261 | D:6      | Bought a potion of ambrosia for 120 gold pieces
 24261 | D:6      | Bought a potion of curing for 45 gold pieces
 24261 | D:6      | Bought a potion of cancellation for 120 gold pieces
 24261 | D:6      | Bought a potion of heal wounds for 75 gold pieces
 24280 | D:6      | Bought a potion of enlightenment for 70 gold pieces
 24280 | D:6      | Bought 2 potions of curing for 84 gold pieces
 24675 | D:13     | Found a frozen archway.
 24712 | D:13     | Reached skill level 15 in Fighting
 24734 | IceCv    | Entered an ice cave
 25037 | IceCv    | Found an ancient bone altar of Kikubaaqudgha.
 25280 | IceCv    | Received a gift from Okawaru
 25310 | IceCv    | Got the Octavo of the Tundra and the Graveyard
 27205 | D:14     | Found a gate to the Vaults.
 27341 | D:14     | Identified the +0 scale mail of Entitlement {Rampage rCorr
                  | Dex+3 Slay+3}
 27446 | D:14     | Received a gift from Okawaru
 27531 | D:14     | Noticed Roxanne
 27560 | D:14     | Reached XP level 17. HP: 42/99 MP: 27/27
 27663 | D:14     | Killed Roxanne
 27788 | D:14     | Found a stormy altar of Qazlal.
 28014 | D:15     | Entered Level 15 of the Dungeon
 28309 | D:15     | Reached skill level 1 in Shapeshifting
 28314 | D:15     | Reached skill level 2 in Shapeshifting
 28465 | D:15     | Found a staircase to the Depths.
 28484 | D:15     | Reached skill level 3 in Shapeshifting
 28529 | D:15     | Reached skill level 4 in Shapeshifting
 29080 | Snake:1  | Entered Level 1 of the Snake Pit
 29124 | Snake:1  | Noticed Mlioglotl
 29152 | Snake:1  | Received a gift from Okawaru
 29153 | Snake:1  | Reached skill level 5 in Shapeshifting
 29219 | Snake:1  | Found a transporter.
 29225 | Snake:1  | Noticed Enothyex's ghost (adept OpSh)
 29345 | Snake:1  | Found a transporter.
 29506 | Snake:1  | Killed Mlioglotl
 29507 | Snake:1  | Reached skill level 6 in Shapeshifting
 29853 | Snake:1  | Reached skill level 7 in Shapeshifting
 30212 | Snake:2  | Reached skill level 8 in Shapeshifting
 30254 | Snake:2  | Identified the serpent talisman "Zyzor" {Will+ Str+3}
 30254 | Snake:2  | Noticed Aizul
 30269 | Snake:2  | Killed Aizul
 30303 | Snake:2  | Found Ihoes's Weapon Shop.
 30308 | Snake:2  | Noticed Donald
 30314 | Snake:2  | Killed Donald
 30350 | Snake:2  | Received a gift from Okawaru
 30351 | Snake:2  | Reached skill level 9 in Shapeshifting
 30668 | Snake:2  | Reached skill level 10 in Shapeshifting
 31226 | Snake:3  | Reached skill level 11 in Shapeshifting
 31874 | Snake:3  | Reached skill level 12 in Shapeshifting
 32116 | Snake:3  | Reached skill level 13 in Shapeshifting
 32455 | Snake:3  | HP: 2/99 [naga sharpshooter/arrow[Vashnia] (23)]
 33165 | Snake:3  | Noticed Vashnia
 33323 | Snake:3  | Reached ****** piety under Okawaru
 33381 | Snake:3  | Reached skill level 14 in Shapeshifting
 33613 | Snake:3  | Killed Vashnia
 33884 | Snake:3  | Reached XP level 18. HP: 104/104 MP: 28/28
 34677 | Snake:4  | Entered Level 4 of the Snake Pit
 34677 | Snake:4  | Found Inloeres's Armour Shop.
 34725 | Snake:3  | Received a gift from Okawaru
 34794 | Snake:4  | Found Voreuv's General Store.
 34798 | Snake:4  | Bought a scroll of enchant armour for 90 gold pieces
 34798 | Snake:4  | Bought a potion of curing for 36 gold pieces
 34883 | Snake:4  | Reached skill level 15 in Shapeshifting
 34985 | Snake:4  | Found Lofewan's Book Boutique.
 35020 | Snake:4  | Found Ijuwk's Magic Scroll Emporium.
 35030 | Snake:4  | Bought a scroll of fear for 80 gold pieces
 35030 | Snake:4  | Bought a scroll of revelation for 150 gold pieces
 35030 | Snake:4  | Bought a scroll of teleportation for 60 gold pieces
 35030 | Snake:4  | Bought a scroll of fog for 80 gold pieces
 35030 | Snake:4  | Found Pejil's General Store.
 35153 | Snake:4  | Reached skill level 16 in Shapeshifting
 35322 | Snake:4  | Received a gift from Okawaru
 35354 | Snake:4  | Reached skill level 17 in Shapeshifting
 35743 | Snake:4  | Reached skill level 18 in Shapeshifting
 36031 | Snake:4  | Got a serpentine rune of Zot
 36388 | Swamp:1  | Entered Level 1 of the Swamp
 36561 | Swamp:1  | Received a gift from Okawaru
 36768 | Swamp:1  | Found a runed translucent door.
 36769 | Swamp:1  | Noticed Fuocunneg's ghost (journeyman HOFi)
 37072 | Swamp:1  | Killed Fuocunneg's ghost
 37074 | Swamp:1  | Identified the +1 leather armour of Giatwiwk {rN+}
 37149 | Swamp:2  | Reached skill level 19 in Shapeshifting
 37381 | Swamp:2  | Received a gift from Okawaru
 37397 | Swamp:2  | Found a white marble altar of Elyvilon.
 37786 | Arena    | Entered the Arena
 37843 | Swamp:2  | Identified the ring "Mewanawyp" {rF+ Dex+2}
 37947 | Swamp:2  | Reached skill level 20 in Shapeshifting
 38371 | Snake:4  | Bought a scroll of enchant weapon for 157 gold pieces
 38759 | Swamp:3  | Identified the +4 robe of Qafepa {^Drain Str+6 Dex+5}
 38906 | Swamp:4  | Entered Level 4 of the Swamp
 38929 | Swamp:4  | Reached XP level 19. HP: 108/108 MP: 29/29
 39303 | Swamp:4  | Got a decaying rune of Zot
 39334 | Swamp:4  | Reached skill level 15 in Dodging
 39934 | Vaults:1 | Entered Level 1 of the Vaults
 39934 | Vaults:1 | Found Ahouxaa's Armour Boutique.
 40736 | Vaults:1 | Received a gift from Okawaru
 40819 | Vaults:1 | Reached skill level 21 in Shapeshifting
 41559 | Vaults:1 | Received a gift from Okawaru
 42108 | Arena    | Entered the Arena
 42473 | Vaults:2 | Received a gift from Okawaru
 42890 | Vaults:2 | Reached XP level 20. HP: 116/116 MP: 30/30
 43623 | Vaults:3 | Found a staircase to the Crypt.
 43686 | Vaults:3 | Received a gift from Okawaru
 43702 | Vaults:3 | Found Lozum's Armour Emporium.
 43707 | Vaults:3 | Identified the orb of the Hall of Blades {*channel, Dex+3}
 43707 | Vaults:3 | Noticed Frederick
 43748 | Vaults:3 | Slain by Frederick

Illustrated notes

Levels and vault maps discovered:
D:1:      minmay_arrival_shattered_statue, layout_basic
D:2:      layout_loops_corners, shapermc_ecumenical_altar_acropolis
D:3:      layout_basic, amcnicky_mini_corridor_feature
D:4:      layout_basic, lemuel_crystal_altar, mainiacjoe_overflow_cross_hatched,
          minmay_quadrilaterals
D:5:      layout_rooms, temple_statues
D:6:      layout_rooms, fedhas_altar_decomposition, serial_shops, shop,
          kennysheep_mini, nicolae_shop_rolling_square,
          nicolae_shop_industrial_runoff, minmay_between, uniq_duvessa,
          uniq_jeremiah
D:7:      layout_loops_ring, mainiacjoe_overflow_concentric_impassable,
          serial_shops, nicolae_shop_hallway_plus, uniq_maurice, uniq_pikel,
          uniq_menkaure
D:8:      cheibrodos_fertilizer, layout_loops_corners,
          mainiacjoe_overflow_big_doors, grunt_lair_entry_orc_guard_hut,
          hangedman_misty_isle
D:9:      layout_basic, uniq_prince_ribbit1
D:10:     erik_cavepeople, layout_basic, hangedman_incinerator
D:11:     layout_roguey, orc_0_dummy, ebering_ghost_disaster_area,
          worldfamousw_hep_ancestral_shrine
D:12:     layout_rooms, minmay_bent
D:13:     layout_loops_ring, portal_ice_cave_entry_animals_and_master, pond
D:14:     layout_loops_ring, erik_vaults_2, grunt_qazlal_clouds,
          roderic_nine_men_s_morris, uniq_roxanne
D:15:     grunt_enter_depths_giant_problem, layout_basic
Temple:   nicolae_temple_x_marks_the_god
Lair:1:   layout_hall_layers, serial_bayou_lagoon_a, st_stairs_9,
          nicolae_quartered_pool_medium
Lair:2:   layout_big_grid
Lair:3:   layout_cave_pods, alex1729_swamp_entry_worm_eleionoma,
          guppyfry_snake_entry_island, evilmike_ambush
          [evilmike_ambush_outer_doors, evilmike_ambush_inner_basic]
Lair:4:   layout_long_grid, nicolae_volcano_entry_vermiform,
          nzn_masters_of_martial_movement, wad_woods_river_01
Lair:5:   due_jungle_book, layout_loops_ring, minmay_slime_entry_oklob_open,
          grunt_megastairs_2
Swamp:1:  layout_basic_swamp, gammafunk_ghost_grave, serial_swamp_ruin,
          evilmike_swamp_ruin_house_4, evilmike_swamp_ruin_house_2,
          evilmike_swamp_ruin_house_5
Swamp:2:  cheibrodos_swamp_heart_of_darkness, layout_basic_swamp,
          nicolae_swamp_godswood, swamp_pool_5
Swamp:3:  layout_basic_swamp, evilmike_swamp_ruin_house_1
Swamp:4:  swamp_alternative, layout_basic_swamp, swamp_pool_1_2
Snake:1:  layout_basic, gammafunk_ghost_berserking_beasts, uniq_mlioglotl
Snake:2:  layout_onion, serial_shops, shop, grunt_megastairs_5,
          lemuel_fruit_tree, uniq_donald, uniq_aizul
Snake:3:  layout_chambers, uniq_vashnia
Snake:4:  snake_pit, layout_cave_shapes, serial_shops,
          nicolae_shop_hallway_stairs, nicolae_square_shop,
          nicolae_shop_waterfront, nicolae_shop_mannequins, shop_fountains
Orc:1:    layout_caves, serial_shops, nicolae_shop_just_a_little_nook,
          minmay_orc_temple_c
Orc:2:    hellmonk_orc_salted, layout_caves, einodemon_armed_red_devil_minivault
Vaults:1: nicolae_vaults_storage_room_doors, nicolae_vaults_closet_pinwheel_1,
          nicolae_vaults_tetromino_L_2, nicolae_vaults_mini_display_case,
          ontoclasm_vaults_chip, vaults_room_grid,
          nicolae_vaults_heart-shaped_vault, ontoclasm_vaults_hangar,
          vaults_dpeg_ring, nicolae_vaults_diagonal_hallway_7,
          nicolae_vaults_sightless_eye, layout_vaults_quadrants, serial_shops,
          nicolae_shop_tiny_glass
Vaults:2: nicolae_vaults_closet_pinwheel_3, nicolae_vaults_diagonal_hallway_7,
          vaults_room_corners, vaults_room_large_hall,
          nicolae_vaults_little_squares_1, ontoclasm_vaults_ring_small,
          v_misc_24, vaults_room_door_hall, vaults_room_fancy_cross,
          nicolae_vaults_tetromino_L_1, nicolae_vaults_network_star,
          vaults_room_pools, layout_vaults_big_room
Vaults:3: minmay_crypt_entry_vampire_xt,
          nicolae_vaults_taking_the_gang_shopping, nicolae_vaults_weapon_check,
          ontoclasm_vaults_twist, nicolae_vaults_ninety_degrees, v_misc_9,
          nicolae_vaults_closet_pinwheel_1, hangedman_vaults_nails,
          ontoclasm_vaults_decontamination, st_more_cells,
          nicolae_vaults_tetromino_T_1, layout_vaults_omnibox, uniq_frederick,
          uniq_nikola, uniq_saint_roka, uniq_mennas

Skill      XL: |  1  2  3  4  5  6  7  8  9 10 11 12 13 14 15 16 17 18 19 20 |
---------------+-------------------------------------------------------------+-----
Evocations     | 3 |  3.0
Ranged Weapons | 1 2 3 4 5 6 7 10 13 14 16 17 18 | 18.0
Fighting       | 4 6 9 11 12 13 15 16 17 | 17.4
Invocations    | 3 6 7 10 11 12 | 12.0
Dodging        | 7 12 15 | 15.0
Armour         | 5 |  5.0
Shapeshifting  | 14 20 21 | 21.0
Short Blades   | |  2.1
Stealth        | |  7.2

Action                     |  1- 3 |  4- 6 |  7- 9 | 10-12 | 13-15 | 16-18 | 19-21 || total
---------------------------+-------+-------+-------+-------+-------+-------+-------++-------
  Melee: Rapier            |       |       |     1 |     2 |       |       |       ||     3
   Fire: Shortbow          |    16 |   215 |   132 |   493 |  1065 |  1004 |       ||  2925
         Sling             |       |       |   450 |   765 |       |       |       ||  1215
         Arbalest          |       |       |       |       |       |  1690 |   820 ||  2510
 Invoke: Heroism           |       |       |     6 |    13 |    11 |    17 |     9 ||    56
         Finesse           |       |       |       |     3 |     4 |     4 |     4 ||    15
         Duel              |       |       |       |       |       |     1 |     1 ||     2
  Evoke: Wand              |     7 |     3 |     1 |       |     9 |     7 |       ||    27
    Use: Scroll            |       |     2 |    11 |    13 |     2 |    14 |     4 ||    46
         Potion            |       |       |       |     2 |     6 |     6 |     3 ||    17
   Stab: Sleeping          |       |       |     1 |     1 |       |       |       ||     2
 Armour: Robe              |     1 |    42 |    47 |     7 |       |       |       ||    97
         Steam dragon scal |       |       |       |   137 |   176 |   211 |       ||   524
         Swamp dragon scal |       |       |       |       |       |   124 |       ||   124
         Skin              |       |       |       |       |       |   365 |   488 ||   853
  Dodge: Dodged            |     1 |    90 |   105 |   370 |   717 |  1913 |  1781 ||  4977
   Form: Statue            |       |       |       |       |       |     1 |       ||     1

Table legend: (Time is in decaauts)
 A = Elapsed time spent in this place.
 B = Non-inter-level travel time spent in this place.
 C = Inter-level travel time spent in this place.
 D = Time resting spent in this place.
 E = Time spent auto-exploring this place.
 F = Levels seen in this place.
 G = Mean time per level.
                   A        B        C        D        E       F      G
               +--------+--------+--------+--------+--------+-----+--------+
         Total |  40267 |  36853 |   3414 |   8939 |  17253 |  38 | 1059.7 |
       Dungeon |  12746 |  11561 |   1185 |   2258 |   5908 |  15 |  849.7 |
        Temple |      6 |      3 |      3 |      0 |      0 |   1 |    6.0 |
          Lair |   5314 |   4674 |    640 |    972 |   2092 |   5 | 1062.8 |
         Swamp |   4677 |   4358 |    319 |    629 |   2689 |   4 | 1169.2 |
     Snake Pit |   8328 |   7352 |    976 |   2522 |   3061 |   4 | 2082.0 |
  Orcish Mines |   2608 |   2505 |    103 |   1136 |    536 |   2 | 1304.0 |
        Vaults |   5663 |   5477 |    186 |   1175 |   2821 |   3 | 1887.7 |
      Ice Cave |    581 |    581 |      0 |    141 |    124 |   1 |  581.0 |
       Volcano |    307 |    307 |      0 |     78 |     18 |   1 |  307.0 |
         Arena |     34 |     34 |      0 |     24 |      0 |   2 |   17.0 |
               +--------+--------+--------+--------+--------+-----+--------+

Top non-repeatable levels by time:
 Snake:3: 3817 daAuts
Vaults:1: 2388 daAuts
Vaults:2: 2315 daAuts
 Snake:4: 2266 daAuts
  Lair:5: 1898 daAuts
 Swamp:2: 1645 daAuts
   Orc:2: 1479 daAuts
     D:7: 1233 daAuts
    D:13: 1232 daAuts
 Snake:2: 1220 daAuts
  Lair:3: 1166 daAuts
 Swamp:1: 1161 daAuts
 Swamp:4: 1142 daAuts
   Orc:1: 1129 daAuts
     D:8: 1127 daAuts
